 Dungeon Crawl Stone Soup version 0.32-a0-141-g04fe69798e (webtiles) character file.

Game seed: 8911793121763827015

2878 ghhjgh the Trooper (level 9, -5/121 HPs)
             Began as a Minotaur Fighter on Feb 11, 2024.
             Was a Priest of Okawaru.
             Slain by a troll (11 damage)
             ... on level 7 of the Dungeon.
             The game lasted 00:11:03 (5948 turns).

ghhjgh the Trooper (Minotaur Fighter)               Turns: 5948, Time: 00:11:03

Health: -5/121     AC: 24    Str: 25    XL:     9   Next: 48%
Magic:  8/8        EV:  2    Int:  5    God:    Okawaru [***...]
Gold:   222        SH: 10    Dex: 10    Spells: 8/8 levels left

rFire   . . .        a - +0 war axe
rCold   . . .        c - +0 buckler
rNeg    . . .        b - melded +1 scale mail
rPois   +            (helmet currently unavailable)
rElec   .            n - melded +1 cloak
rCorr   +            (gloves currently unavailable)
SInv    .            (boots currently unavailable)
Will    .....        k - amulet of reflection
Stlth   +            f - ring of resist corrosion
HPRegen 0.40/turn    (no ring)
MPRegen 0.11/turn

%: reflection
@: tree-form, slowed, very slow
A: stationary, stasis, torment immunity, boosted hp, (horns 2), (retaliatory
headbutt)
a: Renounce Religion, Heroism


You were on level 7 of the Dungeon.
You worshipped Okawaru.
Okawaru was most pleased with you.
You were a tree.
You visited 1 branch of the dungeon, and saw 7 of its levels.

You collected 222 gold pieces.

Inventory:

Hand Weapons
 a - a +0 war axe (weapon)
 d - a +1 heavy broad axe
 j - a +0 broad axe
Armour
 b - a +1 scale mail (melded)
 c - a +0 buckler (worn)
 h - the +0 leather armour of Honesty {rF+ rC+++ Int-5 Dex-4}
   (You found it on level 2 of the Dungeon)

   Int-5:     It affects your intelligence (-5).
   Dex-4:     It affects your dexterity (-4).
   rF+:       It protects you from fire.
   rC+++:     It renders you almost immune to cold.
 n - a +1 cloak (melded)
Jewellery
 f - a ring of resist corrosion (left branch)
 k - an amulet of reflection (around neck)
Wands
 g - a wand of polymorph (4)
 m - a wand of flame (37)
 p - a wand of mindburst (12)
Scrolls
 l - a scroll of silence
 o - 5 scrolls of identify
 q - a scroll of blinking
 s - a scroll of revelation
 u - a scroll of fear
Potions
 e - a potion of ambrosia
 i - 2 potions of lignification
 r - a potion of attraction


   Skills:
 + Level 7.9 Fighting
 + Level 7.4 Axes
 + Level 7.9 Armour
 + Level 6.3 Dodging
 + Level 7.9 Shields


You had 8 spell levels left.
You didn't know any spells.
Your spell library contained the following spells:

 Spells                   Type           Power      Damage    Failure   Level
 Jinxbite                 Hex            0%         N/A       67%         2
 Sublimation of Blood     Necr           0%         N/A       67%         2
 Inner Flame              Hex/Fire       0%         N/A       88%         3
 Anguish                  Hex/Necr       0%         N/A       99%         4
 Cause Fear               Hex            0%         N/A       99%         4
 Flame Wave               Conj/Fire      0%         2d4       99%         4
 Sticky Flame             Fire/Alch      0%         2d4       99%         4
 Yara's Violent Unravell  Hex/Alch       0%         3d3       100%        5
 Enfeeble                 Hex            0%         N/A       100%        7
 Call Imp                 Summ           Unusable   N/A       N/A         2
 Summon Hydra             Summ           Unusable   N/A       N/A         7

Dungeon Overview and Level Annotations

Branches:
Dungeon (7/15)
 Temple: D:4-7

Altars:
Cheibriados
Elyvilon
Gozag
Okawaru
Sif Muna
Wu Jian
The Shining One

Shops:
D:1 =   D:4 [


Innate Abilities, Weirdness & Mutations

You are a tree.
Your roots penetrate the ground, keeping you stationary.
You cannot be teleported.
You are immune to unholy pain and torment.
Your maximum health is greatly increased.
Your equipment is partially melded.
((You have a pair of horns on your head.))
((You reflexively headbutt those who attack you in melee.))


Message History

Unknown command.
You are too injured to fight recklessly!
Unknown command.
Unknown command.
You are too injured to fight recklessly!
Unknown command.
You are too injured to fight recklessly!
Unknown command.
You are too injured to fight recklessly!
Unknown command.
Unknown command.
You feel sick.
You closely miss the troll.
The troll is heavily wounded.
You feel sick. You block the troll's attack. The troll barely misses you.
The troll claws you.
* * * LOW HITPOINT WARNING * * *
The troll bites you.
* * * LOW HITPOINT WARNING * * *
The troll claws you.
* * * LOW HITPOINT WARNING * * *
The troll misses you.
You turn into a tree.
Your +1 cloak melds into your body.
Your +1 scale mail melds into your body.
Your roots penetrate the ground.
You feel sick.
You are no longer poisoned.
You block the troll's attack. x2; The troll claws you but does no damage.
The troll bites you but does no damage.
The troll claws you but does no damage. x2
You hit the troll.
The troll is heavily wounded.
The kobold brigand looks more healthy.
The troll bites you!
* * * LOW HITPOINT WARNING * * *
You block the troll's attack. The troll claws you but does no damage.
Unknown command.
You slash the troll!
The troll is severely wounded.
You block the troll's attack. The troll claws you.
* * * LOW HITPOINT WARNING * * *
The troll claws you but does no damage. The troll bites you!
You die...

#.............#.......
#.............#.......
#.............#......#
#.............#......#
#.............#......#
#.............#......#
#.............#K.....#
#<...........♣TK.....#
#.............#K.....#
####.............######+#
...#...................
...#...................
...#########)..........
....#......')...........
....#......#)...........
....#......##+###.......


You could see a troll, a kobold brigand and 2 kobolds.

Vanquished Creatures
  Maggie (D:6)
  Sigmund (D:5)
  A steam dragon (D:6)
  Duvessa (D:5)
  2 orc warriors
  A sky beast (D:6)
  A phantom (D:4)
  2 bullfrogs (D:6)
  3 scorpions
  5 wights
  Dowan (D:5)
  A killer bee (D:4)
  A howler monkey (D:6)
  A bombardier beetle (D:6)
  5 hounds
  5 jellies
  2 orc priests (D:6)
  A sleepcap (D:6)
  7 iguanas
  Jessica (D:3)
  Natasha (D:3)
  6 orc wizards
  Robin (D:3)
  4 gnolls
  8 adders
  A shadow imp (D:7)
  8 ufetubi
  2 dart slugs (D:1)
  6 ribbon worms
  25 orcs
  7 endoplasms
  2 giant cockroaches
  10 hobgoblins
  13 jackals
  4 quokkas
  A ball python (D:4)
  8 bats
  6 frilled lizards
  23 goblins
  8 kobolds
  3 rats
190 creatures vanquished.

Notes
Turn   | Place    | Note
-------+----------+-------------------------------------------
     0 | D:1      | ghhjgh the Minotaur Fighter began the quest for the Orb.
     0 | D:1      | Reached XP level 1. HP: 19/19 MP: 0/0
    98 | D:1      | Reached XP level 2. HP: 27/27 MP: 1/1
   414 | D:1      | Found Okkuxu's One-of-a-Kind Rings.
   433 | D:1      | Reached skill level 1 in Dodging
   640 | D:1      | Reached XP level 3. HP: 31/33 MP: 2/2
   747 | D:2      | Reached XP level 4. HP: 20/40 MP: 3/3
   883 | D:2      | Identified the +0 leather armour of Honesty {rF+ rC+++
                  | Int-5 Dex-4}
  1411 | D:3      | Noticed Robin
  1425 | D:3      | Killed Robin
  1469 | D:3      | Noticed Natasha
  1472 | D:3      | Noticed Jessica
  1477 | D:3      | Killed Natasha
  1478 | D:3      | Reached XP level 5. HP: 24/47 MP: 4/4
  1482 | D:3      | Killed Jessica
  1861 | D:3      | Found an iron altar of Okawaru.
  1871 | D:3      | Became a worshipper of Warmaster Okawaru
  1900 | D:3      | Reached skill level 5 in Fighting
  1900 | D:3      | Reached XP level 6. HP: 39/56 MP: 5/5
  1904 | D:3      | Reached skill level 5 in Armour
  1904 | D:3      | Reached skill level 5 in Shields
  2053 | D:4      | Reached * piety under Okawaru
  2080 | D:4      | Found Rotif's Antique Armour Shop.
  2757 | D:4      | Reached XP level 7. HP: 54/61 MP: 6/6
  3017 | D:4      | Reached skill level 5 in Axes
  3162 | D:5      | Entered Level 5 of the Dungeon
  3557 | D:5      | Found a snail-covered altar of Cheibriados.
  3597 | D:5      | Noticed Dowan
  3609 | D:5      | Killed Dowan
  3609 | D:5      | Noticed Duvessa
  3627 | D:5      | Killed Duvessa
  3627 | D:5      | Reached ** piety under Okawaru
  3628 | D:5      | Reached XP level 8. HP: 45/70 MP: 7/7
  3815 | D:5      | Noticed Sigmund
  3822 | D:5      | Killed Sigmund
  4283 | D:6      | Found an opulent altar of Gozag.
  4284 | D:6      | Found a shimmering blue altar of Sif Muna.
  4284 | D:6      | Found a glowing golden altar of the Shining One.
  4302 | D:6      | Reached skill level 5 in Dodging
  4646 | D:6      | Found an ornate altar of the Wu Jian Council.
  4696 | D:6      | Found the Hermit's Pendant {Faith Invo=14 Evo=0 MP+5}
  4719 | D:6      | Reached *** piety under Okawaru
  4721 | D:6      | Reached XP level 9. HP: 79/79 MP: 8/8
  4774 | D:6      | Found a white marble altar of Elyvilon.
  4805 | D:6      | Noticed Maggie
  4811 | D:6      | Killed Maggie
  5299 | D:6      | Identified the +3 dagger of Inconvenience {spect, *Slow
                  | rN+++ Str+5}
  5937 | D:7      | Noticed a troll
  5948 | D:7      | HP: 6/121 [troll (4)]
  5948 | D:7      | Slain by a troll

Illustrated notes

Levels and vault maps discovered:
D:1:      dpeg_arrival_lava_temple_mockup, layout_loops_ring,
          nicolae_shop_unique_rings
D:2:      layout_rooms, dreamdust_mushroom_princess
D:3:      layout_rooms, okawaru_altar_gauntlet_db, uniq_natasha, uniq_jessica,
          uniq_robin
D:4:      cheibrodos_barr_body, layout_loops_corners, serial_shops, shop
D:5:      layout_gridville, cheibrodos_worm_habitat, serial_bayou,
          serial_bayou_pond_e, serial_bayou_lagoon_a, serial_bayou_crossing,
          serial_bayou_shore_a, uniq_sigmund, uniq_duvessa
D:6:      minmay_thinvault, layout_gridville, nicolae_wu_jian_wuxing_cycle,
          elyvilon_altar_3, chequers_temple_overflow_statue_of_worship,
          uniq_maggie
D:7:      layout_gridville, minmay_temple_entry_crystal_x, serial_shops,
          nicolae_book_shop_shelving

Skill      XL: |  1  2  3  4  5  6  7  8  9 |
---------------+----------------------------+-----
Dodging        | 1 2 3 4 5 6 |  6.3
Shields        | 4 5 6 7 |  7.9
Fighting       | 4 5 6 7 |  7.9
Armour         | 4 5 6 7 |  7.9
Axes           | 3 4 5 6 7 |  7.4

Action                     |  1- 3 |  4- 6 |  7- 9 || total
---------------------------+-------+-------+-------++-------
  Melee: War axe           |    59 |   145 |   262 ||   466
         Headbutt          |     5 |    18 |    44 ||    67
  Evoke: Wand              |       |     1 |       ||     1
    Use: Scroll            |     3 |     9 |     5 ||    17
         Potion            |       |       |     4 ||     4
 Armour: Scale mail        |    40 |   106 |   183 ||   329
         Skin              |       |       |     9 ||     9
  Dodge: Dodged            |    29 |    85 |   103 ||   217
  Block: Buckler           |    12 |    40 |   133 ||   185
         Reflection        |       |       |     3 ||     3

Table legend: (Time is in decaauts)
 A = Elapsed time spent in this place.
 B = Non-inter-level travel time spent in this place.
 C = Inter-level travel time spent in this place.
 D = Time resting spent in this place.
 E = Time spent auto-exploring this place.
 F = Levels seen in this place.
 G = Mean time per level.
                   A        B        C        D        E       F      G
               +--------+--------+--------+--------+--------+-----+--------+
         Total |   6118 |   5975 |    143 |    176 |   4575 |   7 |  874.0 |
       Dungeon |   6118 |   5975 |    143 |    176 |   4575 |   7 |  874.0 |
               +--------+--------+--------+--------+--------+-----+--------+

Top non-repeatable levels by time:
     D:6: 1565 daAuts
     D:5: 1171 daAuts
     D:4: 1139 daAuts
     D:3: 755 daAuts
     D:1: 699 daAuts
     D:2: 653 daAuts
     D:7: 133 daAuts
